 Dungeon Crawl Stone Soup version 0.27.1-33-g824d729ab1 (webtiles) character file.

Game seed: 8320031397922896243

50 AZnak the Insei (level 3, -1/29 HPs)
             Began as a Draconian Transmuter on Dec 6, 2021.
             Killed from afar by Natasha (4 damage)
             ... with a magic dart
             ... on level 2 of the Dungeon.
             The game lasted 00:07:53 (1667 turns).

AZnak the Insei (Draconian Transmuter)              Turns: 1667, Time: 00:07:54

Health: -1/29      AC:  6    Str: 12    XL:     3   Next: 55%
Magic:  4/6        EV: 12    Int: 13    God:
Gold:   85         SH:  0    Dex: 12    Spells: 0/6 levels left

rFire    . . .     SeeInvis .     - Unarmed
rCold    . . .     Faith    .   (no shield)
rNeg     . . .     Spirit   .   (armour unavailable)
rPois    .         Reflect  .   (helmet currently unavailable)
rElec    .         Harm     .   (no cloak)
rCorr    .         Rampage  .   i - +0 pair of gloves
Will     .....                  (boots currently unavailable)
Stlth    +.........             (no amulet)
HPRegen  0.09/turn              (no ring)
MPRegen  0.10/turn              (no ring)

@: appendages (expiring), wereblooded, slowed, very slow
A: horns 2, talons 2, AC +5, unfitting armour, cold-blooded
a: End Transformation


You were on level 2 of the Dungeon.
You had temporarily grown beastly horns and talons.
You visited 1 branch of the dungeon, and saw 2 of its levels.

You collected 85 gold pieces.

Inventory:

Missiles
 b - 34 stones (quivered)
 e - 8 atropa-tipped darts
Armour
 i - a +0 pair of gloves (worn)
Magical Staves
 d - a staff of poison
Scrolls
 f - a scroll of immolation {unknown}
 h - 2 scrolls of identify
 j - a scroll of torment {unknown}
 k - a scroll of amnesia {unknown}
Potions
 a - a potion of flight
 c - a potion of ambrosia {unknown}
 g - a potion of heal wounds {unknown}


   Skills:
 * Level 2.1 Fighting
 + Level 2.0 Dodging
 - Level 3.1 Unarmed Combat
 - Level 2.2 Spellcasting
 * Level 2.8 Transmutations
 + Level 0.2 Poison Magic


You couldn't memorise any spells.
You knew the following spells:

 Your Spells              Type           Power      Damage    Failure   Level
a - Beastly Appendage     Tmut           16%        N/A       8%          1
b - Wereblood             Tmut           8%         N/A       12%         2
c - Spider Form           Tmut/Pois      2%         N/A       36%         3

Your spell library contained the following spells:

 Spells                   Type           Power      Damage    Failure   Level
 Magic Dart               Conj           4%         1d3       26%         1
 Call Imp                 Summ           1%         N/A       36%         2
 Slow                     Hex            1%         N/A       36%         2
 Confusing Touch          Hex            1%         N/A       58%         3
 Mephitic Cloud           Conj/Pois/Air  1%         N/A       58%         3
 Stone Arrow              Conj/Erth      2%         3d7       58%         3
 Vampiric Draining        Necr           0%         2d6       58%         3
 Ice Form                 Ice/Tmut       5%         N/A       80%         4
 Bolt of Magma            Conj/Fire/Erth 0%         4d4       100%        5
 Shatter                  Erth           0%         3d5*      100%        9


Dungeon Overview and Level Annotations

Branches:
Dungeon (2/15)

Altars:

Annotations:
D:2 Natasha


Innate Abilities, Weirdness & Mutations

You have temporarily grown beastly horns and talons.
Your plain brown scales are hard. (AC +5)
You cannot fit into any form of body armour.
You are cold-blooded and may be slowed by cold attacks.


Message History

The white imp completely misses you.
You hit Natasha but do no damage. You headbutt Natasha, but do no damage.
Natasha is heavily wounded.
Natasha barely misses you. The white imp gestures at you.
The puff of frost misses you.
You barely miss Natasha. Your kick misses Natasha.
Your headbutt misses Natasha.
Your tail-slap misses Natasha.
Natasha is heavily wounded.
Your transformation is almost over.
Natasha closely misses you. The white imp gestures at you.
The puff of frost hits you. Natasha claws you but does no damage.
Casting: Beastly Appendage (safe; 8% risk of failure)
Confirm with . or Enter, or press ? or * to list all spells.
Your blood is infused with primal strength.
The white imp gestures at you. The puff of frost hits you!
Natasha stares at you and mumbles some strange words.
You feel as though you will be slow longer.
The white imp hits you but does no damage.
You closely miss Natasha.
Your tail-slap misses Natasha.
Natasha is heavily wounded.
Natasha stares at you and mumbles some strange words.
The magic dart hits you!
* * * LOW HITPOINT WARNING * * *
The white imp hits you but does no damage.
You hit Natasha but do no damage.
Natasha is heavily wounded.
Natasha closely misses you.
Natasha mumbles some strange words.
You feel disoriented. Natasha misses you. The white imp barely misses you.
You barely miss Natasha.
You tail-slap Natasha, but do no damage.
Natasha is heavily wounded.
The white imp hits you but does no damage.
Natasha stares at you and mumbles some strange words.
The magic dart hits you.
You die...

#....... ....# ..
#......# #...##...
#......# #.....^..
#......###........
#................$
#.................
#.................
#...5h#...........
#...5@#...........
#.....#...........
#.....###.........
#####.............
#...............
#................
#................
#...............##
#......#####......


You could see Natasha and 2 white imps.

Vanquished Creatures
  An endoplasm (D:1)
  3 giant cockroaches
  3 goblins (D:1)
  2 hobgoblins
  4 jackals (D:2)
  6 quokkas
  5 ball pythons
  7 bats
  3 frilled lizards (D:1)
  5 kobolds
  7 rats
46 creatures vanquished.

Notes
Turn   | Place    | Note
-------+----------+-------------------------------------------
     0 | D:1      | AZnak the Draconian Transmuter began the quest for the Orb.
     0 | D:1      | Reached XP level 1. HP: 16/16 MP: 3/3
   183 | D:1      | Found a faded altar of an unknown god.
   350 | D:1      | Reached XP level 2. HP: 22/23 MP: 3/5
   353 | D:1      | Learned a level 2 spell: Wereblood
  1132 | D:1      | Reached XP level 3. HP: 29/29 MP: 4/6
  1373 | D:2      | Learned a level 3 spell: Spider Form
  1649 | D:2      | Noticed Natasha
  1667 | D:2      | Killed from afar by Natasha

Illustrated notes

Levels and vault maps discovered:
D:1:      dpeg_arrival_pits, layout_loops_corners,
          hellmonk_ecumenical_altar_lost_god
D:2:      layout_basic, uniq_natasha

Skill      XL: |  1  2  3 |
---------------+----------+-----
Dodging        | 2 |  2.0
Fighting       | 2 |  2.1
Unarmed Combat | |  3.1
Spellcasting   | |  2.2
Transmutations | |  2.8
Poison Magic   | |  0.2

Action                   || total
-------------------------++-------
Melee: Unarmed           ||   137
       Kick              ||    18
       Headbutt          ||    18
       Tailslap          ||     9
Throw: Stone             ||    14
 Cast: Beastly Appendage ||    26
       Wereblood         ||     5
  Use: Scroll            ||     1
Armor: Skin              ||    61
Dodge: Dodged            ||   112
